 Dungeon Crawl Stone Soup version 0.28-a0-563-gf77a47075d (webtiles) character file.

Game seed: 14704540737612266881

431 Gargoyl the Skirmisher (level 6, -4/53 HPs)
             Began as a Gnoll Abyssal Knight on Sept 30, 2021.
             Was a Believer of Lugonu.
             Killed by divine providence
             ... invoked by an orc priest
              (10 damage)
             ... on level 5 of the Dungeon.
             The game lasted 00:06:17 (5338 turns).

Gargoyl the Skirmisher (Gnoll Abyssal Knight)       Turns: 5338, Time: 00:06:17

Health: -4/53      AC: 10    Str: 14    XL:     6   Next: 99%
Magic:  18/18      EV: 11    Int:  9    God:    Lugonu [**....]
Gold:   50         SH:  0    Dex: 13    Spells: 9/9 levels left

rFire   . . .      SeeInvis .   f - +2 dagger (venom)
rCold   . . .      Faith    .   (no shield)
rNeg    . . .      Spirit   .   k - +0 chain mail
rPois   .          Reflect  .   b - +1 hat
rElec   .          Harm     .   c - +2 cloak
rCorr   .          Rampage  .   (no gloves)
Will    .....                   (no boots)
Stlth   ..........              (no amulet)
HPRegen 0.17/turn               g - ring of magical power
MPRegen 0.16/turn               h - +4 ring of evasion

@: lethally poisoned (-4 -> -8), unable to read
A: fangs 1, strong nose, distributed training, deformed body, inability to read
while threatened
a: Renounce Religion, Depart the Abyss, Bend Space


You were on level 5 of the Dungeon.
You worshipped Lugonu.
Lugonu was pleased with you.
You visited 1 branch of the dungeon, and saw 5 of its levels.
You visited the Abyss 1 time.

You collected 390 gold pieces.
You spent 340 gold pieces at shops.

Inventory:

Hand Weapons
 a - a +3 hand axe
 f - a +2 dagger of venom (weapon)
Armour
 b - a +1 hat (worn)
 c - a +2 cloak (worn)
 k - a +0 chain mail (worn)
Jewellery
 e - a ring of poison resistance
 g - a ring of magical power (left hand)
 h - a +4 ring of evasion (right hand)
Scrolls
 m - a scroll of silence
Potions
 d - 5 potions of flight
 j - 2 potions of resistance
 l - 2 potions of brilliance
 p - a potion of lignification
 q - 2 potions of might


   Skills:
 + Level 6.9 Fighting
 + Level 2.2 Short Blades
 + Level 2.2 Long Blades
 + Level 5.1 Axes
 + Level 2.2 Maces & Flails
 + Level 2.2 Polearms
 + Level 2.2 Staves
 + Level 2.2 Slings
 + Level 2.2 Bows
 + Level 2.2 Crossbows
 + Level 2.2 Throwing
 + Level 5.1 Armour
 + Level 3.4 Dodging
 + Level 2.2 Stealth
 + Level 2.2 Shields
 + Level 2.2 Unarmed Combat
 + Level 2.2 Spellcasting
 + Level 1.7 Conjurations
 + Level 1.7 Hexes
 + Level 1.7 Summonings
 + Level 1.7 Necromancy
 + Level 1.7 Translocations
 + Level 1.7 Transmutations
 + Level 1.7 Fire Magic
 + Level 1.7 Ice Magic
 + Level 1.7 Air Magic
 + Level 1.7 Earth Magic
 + Level 1.7 Poison Magic
 + Level 5.2 Invocations
 + Level 2.2 Evocations


You had 9 spell levels left.
You didn't know any spells.
Your spell library contained the following spells:

 Spells                   Type           Power      Damage    Failure   Level
 Ensorcelled Hibernation  Hex/Ice        8%         N/A       99%         2
 Spider Form              Tmut/Pois      2%         N/A       100%        3


Dungeon Overview and Level Annotations

Branches:
Dungeon (5/15)
 Temple: D:4-7

Altars:
Nemelex Xobeh
Trog
Vehumet
Xom
Zin

Shops:
D:4 !(!:


Innate Abilities, Weirdness & Mutations

You have very sharp teeth.
Your uncanny sense of smell can sniff out nearby items.
Your experience applies equally to all skills.
Armour fits poorly on your strangely shaped body.
You sometimes lose the ability to read scrolls when taking damage.


Message History

You hit the water moccasin but do no damage.
Your bite misses the water moccasin.
The water moccasin is lightly wounded.
The hound bites you but does no damage.
The water moccasin bites you but does no damage.
The orc wizard gestures wildly while chanting.
The orc wizard flickers and vanishes!
The hound bites you. Space bends around you!
You blink.
An orc comes into view. It is wielding a +0 dagger.
Found a robe.
The water moccasin bites you but does no damage.
An orc comes into view. It is wielding a +0 short sword.
The water moccasin bites you but does no damage.
You can read scrolls again.
The water moccasin bites you.
Found an escape hatch in the ceiling.
The orc barely misses you.
The orc wizard casts a spell.
The orc wizard flickers and vanishes!
The water moccasin bites you. The hound bites you but does no damage.
The sentinel's mark upon you fades away.
The orc priest mumbles some strange prayers to Beogh against you.
Pain shoots through your body!
You feel threatened and lose the ability to read scrolls!
The water moccasin bites you.
You are poisoned.
The water moccasin poisons you!
You can read scrolls again.
You feel very sick.
The orc priest mumbles some strange prayers to Beogh against you.
Beogh smites you!
You feel threatened and lose the ability to read scrolls!
* * * LOW HITPOINT WARNING * * *
You feel sick.
The water moccasin bites you but does no damage.
Something hits you but does no damage.
* * * LOW HITPOINT WARNING * * *
You feel sick.
The orc priest invokes the aid of Beogh against you.
Beogh smites you!
You die...

#### #...# ...# #...#
..#...... ...# #...#
..#...... ...###...#
........ .........####
#...... ...###......#
##....# ...# #..o...+
.....+ ...#
##.....####....##.. ...#
#.#.o.ohSo@.......
...............{.##.##..
..h..!....[.....o....
#o............o...###
......#........o...
.............##Z###
##........... ...
.....##........ .


You could see a water moccasin (poisoned), a hound, an orc priest, an orc
wizard, 4 orcs and a bullfrog skeleton.

Vanquished Creatures
  A black bear (D:3)
  An ogre (D:3)
  A centaur (D:3)
  A hound (D:5)
  A gnoll (D:1)
  4 adders
  An ufetubus (D:4)
  3 worms (D:2)
  4 dart slugs
  An orc (D:3)
  5 bats
  7 endoplasms
  3 giant cockroaches
  6 goblins
  6 hobgoblins
  4 jackals (D:1)
  9 kobolds
  A quokka (D:2)
  4 ball pythons
  4 frilled lizards
  3 rats
70 creatures vanquished.

Vanquished Creatures (others)
  4 toadstools (D:3)
4 creatures vanquished.

Grand Total: 74 creatures vanquished

Notes
Turn   | Place    | Note
-------+----------+-------------------------------------------
     0 | Abyss:1  | Gargoyl the Gnoll Abyssal Knight began the quest for the
                  | Orb.
     0 | Abyss:1  | Reached XP level 1. HP: 23/23 MP: 3/3
    34 | Abyss:1  | Found a corrupted altar of Lugonu.
    43 | Abyss:1  | Found a corrupted altar of Lugonu.
    88 | Abyss:1  | Noticed a small abomination
    96 | Abyss:1  | Noticed an orange demon
   108 | Abyss:1  | Noticed a starcursed mass
   123 | Abyss:1  | Found an iron altar of Okawaru.
   138 | Abyss:1  | Noticed a large abomination
   173 | Abyss:1  | Noticed a large abomination
   212 | Abyss:1  | Noticed a large abomination
   229 | D:1      | Escaped the Abyss
   335 | D:1      | Reached * piety under Lugonu
   524 | D:1      | Reached XP level 2. HP: 29/29 MP: 5/5
   699 | D:1      | Reached XP level 3. HP: 15/35 MP: 6/6
  1074 | D:1      | Found a faded altar of an unknown god.
  1704 | D:2      | Reached skill level 1 in Short Blades
  1704 | D:2      | Reached skill level 1 in Long Blades
  1704 | D:2      | Reached skill level 1 in Maces & Flails
  1704 | D:2      | Reached skill level 1 in Polearms
  1704 | D:2      | Reached skill level 1 in Staves
  1704 | D:2      | Reached skill level 1 in Slings
  1704 | D:2      | Reached skill level 1 in Bows
  1704 | D:2      | Reached skill level 1 in Crossbows
  1704 | D:2      | Reached skill level 1 in Throwing
  1704 | D:2      | Reached skill level 1 in Stealth
  1704 | D:2      | Reached skill level 1 in Shields
  1704 | D:2      | Reached skill level 1 in Unarmed Combat
  1704 | D:2      | Reached skill level 1 in Spellcasting
  1704 | D:2      | Reached skill level 1 in Evocations
  1737 | D:2      | Reached XP level 4. HP: 31/41 MP: 7/7
  2181 | D:2      | Reached ** piety under Lugonu
  2182 | D:2      | Reached skill level 1 in Conjurations
  2182 | D:2      | Reached skill level 1 in Hexes
  2182 | D:2      | Reached skill level 1 in Summonings
  2182 | D:2      | Reached skill level 1 in Necromancy
  2182 | D:2      | Reached skill level 1 in Translocations
  2182 | D:2      | Reached skill level 1 in Transmutations
  2182 | D:2      | Reached skill level 1 in Fire Magic
  2182 | D:2      | Reached skill level 1 in Ice Magic
  2182 | D:2      | Reached skill level 1 in Air Magic
  2182 | D:2      | Reached skill level 1 in Earth Magic
  2182 | D:2      | Reached skill level 1 in Poison Magic
  2851 | D:3      | Noticed a black bear
  3211 | D:3      | Killed a black bear
  3212 | D:3      | Reached XP level 5. HP: 47/47 MP: 8/8
  3579 | D:3      | Noticed an ogre
  3586 | D:3      | Killed an ogre
  3587 | D:3      | Reached skill level 5 in Invocations
  3587 | D:3      | Reached XP level 6. HP: 53/53 MP: 9/9
  3966 | D:3      | Reached skill level 5 in Axes
  3966 | D:3      | Reached skill level 5 in Armour
  4039 | D:3      | Found a sparkling altar of Nemelex Xobeh.
  4039 | D:3      | Found a shimmering altar of Xom.
  4039 | D:3      | Found a radiant altar of Vehumet.
  4431 | D:4      | Found Hiesilul's Book Boutique.
  4493 | D:4      | Found a bloodstained altar of Trog.
  4546 | D:4      | Found a glowing silver altar of Zin.
  4655 | D:4      | Found Ileilia's Weapon Shoppe.
  4671 | D:4      | Found Tamoyjib's Distillery.
  4679 | D:4      | Bought a potion of heal wounds for 50 gold pieces
  4679 | D:4      | Bought a potion of resistance for 100 gold pieces
  4679 | D:4      | Bought a potion of mutation for 80 gold pieces
  4679 | D:4      | Bought a potion of lignification for 30 gold pieces
  4679 | D:4      | Bought a potion of might for 40 gold pieces
  4679 | D:4      | Bought a potion of might for 40 gold pieces
  4679 | D:4      | Gained mutation: Your magical capacity is low. (-10% MP)
                  | [potion of mutation]
  4680 | D:4      | Lost mutation: Your magical capacity is low. (-10% MP)
                  | [potion of mutation]
  4680 | D:4      | Gained mutation: Armour fits poorly on your strangely
                  | shaped body. [potion of mutation]
  4680 | D:4      | Gained mutation: You sometimes lose the ability to read
                  | scrolls when taking damage. [potion of mutation]
  5014 | D:4      | Found Yckoes's Distillery.
  5142 | D:5      | Entered Level 5 of the Dungeon
  5191 | D:5      | Noticed a water moccasin
  5338 | D:5      | Killed from afar by an orc priest

Illustrated notes

Levels and vault maps discovered:
D:1:      kilobyte_arrival_exit_the_forest, layout_basic,
          shapermc_ecumenical_altar_totnotflames, minmay_pentomino_p4
D:2:      layout_rooms
D:3:      layout_basic, gammafunk_temple_overflow_claw,
          minmay_gold_behind_fungi, minmay_box_of_dots
D:4:      layout_loops_corners, mainiacjoe_overflow_two_lobes, serial_shops,
          nicolae_shop_behind_doors, shop, shop, shop
D:5:      layout_basic, enter_ossuary_5

Skill      XL: |  1  2  3  4  5  6 |
---------------+-------------------+-----
Short Blades   | 1 2 |  2.2
Long Blades    | 1 2 |  2.2
Maces & Flails | 1 2 |  2.2
Polearms       | 1 2 |  2.2
Staves         | 1 2 |  2.2
Slings         | 1 2 |  2.2
Bows           | 1 2 |  2.2
Crossbows      | 1 2 |  2.2
Throwing       | 1 2 |  2.2
Stealth        | 1 2 |  2.2
Shields        | 1 2 |  2.2
Unarmed Combat | 1 2 |  2.2
Spellcasting   | 1 2 |  2.2
Evocations     | 1 2 |  2.2
Conjurations   | 1 |  1.7
Hexes          | 1 |  1.7
Summonings     | 1 |  1.7
Necromancy     | 1 |  1.7
Translocations | 1 |  1.7
Transmutations | 1 |  1.7
Fire Magic     | 1 |  1.7
Ice Magic      | 1 |  1.7
Air Magic      | 1 |  1.7
Earth Magic    | 1 |  1.7
Poison Magic   | 1 |  1.7
Dodging        | 3 |  3.4
Invocations    | 5 |  5.2
Axes           | 5 |  5.1
Armour         | 5 |  5.1
Fighting       | |  6.9

Action                   |  1- 3 |  4- 6 || total
-------------------------+-------+-------++-------
Melee: Hand axe          |    94 |    55 ||   149
       Bite              |     8 |    20 ||    28
       Punch             |     1 |       ||     1
       Dagger            |       |   104 ||   104
Invok: Depart the Abyss  |     1 |       ||     1
       Bend Space        |       |     1 ||     1
  Use: Potion            |     1 |     4 ||     5
       Scroll            |     4 |    14 ||    18
 Stab: Sleeping          |       |     2 ||     2
Armor: Leather armour    |    36 |    22 ||    58
       Skin              |       |    20 ||    20
       Chain mail        |       |    48 ||    48
Dodge: Dodged            |    69 |    98 ||   167

Table legend: (Time is in decaauts)
 A = Elapsed time spent in this place.
 B = Non-inter-level travel time spent in this place.
 C = Inter-level travel time spent in this place.
 D = Time resting spent in this place.
 E = Time spent auto-exploring this place.
 F = Levels seen in this place.
 G = Mean time per level.
                   A        B        C        D        E       F      G
               +--------+--------+--------+--------+--------+-----+--------+
         Total |   5338 |   5272 |     66 |    184 |   4175 |   6 |  889.7 |
       Dungeon |   5109 |   5043 |     66 |    182 |   4100 |   5 | 1021.8 |
         Abyss |    229 |    229 |      0 |      2 |     75 |   1 |  229.0 |
               +--------+--------+--------+--------+--------+-----+--------+

Top non-repeatable levels by time:
     D:3: 1500 daAuts
     D:1: 1450 daAuts
     D:2: 1170 daAuts
     D:4: 794 daAuts
 Abyss:1: 229 daAuts
     D:5: 193 daAuts
